 Dungeon Crawl Stone Soup version 0.30-a0-40-gc6d0f036a7 (webtiles) character file.

Game seed: 13523133472382724311

494 QueenGhuleh the Chopper (level 6, -2/84 HPs)
             Began as a Minotaur Berserker on Aug 25, 2022.
             Was a Priest of Trog.
             Succumbed to an orc wizard's poison
             ... on level 5 of the Dungeon on Aug 29, 2022.
             The game lasted 00:07:45 (3523 turns).

QueenGhuleh the Chopper (Minotaur Berserker)        Turns: 3523, Time: 00:07:45

Health: -2/84      AC:  9    Str: 23    XL:     6   Next: 92%
Magic:  5/5        EV:  9    Int:  4    God:    Trog [***...]
Gold:   185        SH:  0    Dex: 10    Spells: 5/5 levels left

rFire   . . .      SeeInvis .    k - +0 scythe
rCold   . . .      Faith    .    (shield currently unavailable)
rNeg    . . .      Spirit   .    n - +0 chain mail
rPois   .          Reflect  .    (helmet restricted)
rElec   .          Harm     .    (no cloak)
rCorr   .          Rampage  .    (no gloves)
Will    .....                    (no boots)
Stlth   ..........               (no amulet)
HPRegen 0.24/turn                (no ring)
MPRegen 0.09/turn                (no ring)

@: berserking, lethally poisoned (-2 -> -15), very quick
A: horns 2, retaliatory headbutt
a: Renounce Religion, Berserk, Trog's Hand


You were on level 5 of the Dungeon.
You worshipped Trog.
Trog was most pleased with you.
You visited 1 branch of the dungeon, and saw 5 of its levels.

You collected 185 gold pieces.

Inventory:

Hand Weapons
 k - a +0 scythe (weapon)
Armour
 n - a +0 chain mail (worn)
Scrolls
 a - 2 scrolls of fear {unknown}
 c - 5 scrolls of identify {unknown}
 e - 6 scrolls of enchant weapon {unknown}
 f - 2 scrolls of noise {unknown}
 g - a scroll of amnesia {unknown}
 h - a scroll of acquirement {unknown}
 l - 2 scrolls of teleportation {unknown}
 p - a scroll of enchant armour {unknown}
 q - 2 scrolls of fog {unknown}
 u - a scroll of magic mapping {unknown}
Potions
 b - a potion of attraction {unknown}
 d - 2 potions of might {unknown}
 i - a potion of lignification {unknown}
 j - a potion of mutation {unknown}
 m - a potion of magic {unknown}
 o - 2 potions of brilliance {unknown}
 r - a potion of ambrosia {unknown}
 s - 2 potions of heal wounds {unknown}
 t - a potion of experience {unknown}


   Skills:
 + Level 5.5 Fighting
 + Level 5.8(6.3) Axes
 + Level 3.5(5.2) Polearms
 + Level 4.0 Armour
 + Level 3.3 Dodging
 + Level 1.1 Stealth


You had 5 spell levels left.
You didn't know any spells.
Your spell library was empty.

Dungeon Overview and Level Annotations

Branches:
Dungeon (5/15)
 Temple: D:4-7

Altars:
Ashenzari
Wu Jian

Shops:
D:3 (


Innate Abilities, Weirdness & Mutations

You have a pair of horns on your head.
You reflexively headbutt those who attack you in melee.


Message History

Trog accepts your kill.
Trog appreciates your killing of a magic user.
Reactivating autopickup.
You feel a bit more experienced.
You feel very sick. The scorpion stings you.
* * * LOW HITPOINT WARNING * * *
The orc wizard hits you but does no damage.
You are more poisoned.
The orc hits you but does no damage.
Your Stealth skill increases to level 1!
* * * LOW HITPOINT WARNING * * *
You feel very sick.
The scorpion stings you but does no damage.
Items here: ! )) [ †.
You puncture the scorpion!
You kill the scorpion!
Trog accepts your kill.
* * * LOW HITPOINT WARNING * * *
You feel very sick. The orc wizard casts a spell at you.
You resist with some effort.
You closely miss the quokka.
* * * LOW HITPOINT WARNING * * *
You feel very sick.
You slash the quokka!
You kill the quokka!
Trog accepts your kill.
* * * LOW HITPOINT WARNING * * *
You feel very sick. The hound bites you but does no damage.
The orc wizard hits you but does no damage.
You barely miss the orc.
* * * LOW HITPOINT WARNING * * *
You feel very sick. The hound closely misses you. You furiously retaliate!
You headbutt the hound! The orc hits you but does no damage.
The orc wizard hits you but does no damage.
You closely miss the orc.
You die...

.##......
.........#. .....#.#
####.....## ....'..
.........##
...#.#######.#.#.###
#..#.!..<#.......###
#..#..#....#.#......
#.o#..#.####.######.
#.ho[...# #.# #.
#oo@....# #.# #.
.....#......# #.# #.
............# #.# ##
............# #.#
....##......# #..
.... ##.....### ...
#.....##. ..
#........### #....#


You could see a hound, an orc wizard and 3 orcs.

Vanquished Creatures
  Sigmund (D:2)
  2 scorpions (D:5)
  An orc priest (D:4)
  2 orc wizards
  5 adders
  A shadow imp (D:5)
  An ufetubus (D:5)
  2 dart slugs
  4 orcs
  6 ball pythons
  7 bats
  11 endoplasms
  2 giant cockroaches
  4 goblins
  6 hobgoblins
  2 jackals (D:1)
  7 kobolds
  2 quokkas
  3 frilled lizards
  6 rats
75 creatures vanquished.

Notes
Turn   | Place    | Note
-------+----------+-------------------------------------------
     0 | D:1      | QueenGhuleh the Minotaur Berserker began the quest for the
                  | Orb.
     0 | D:1      | Reached XP level 1. HP: 19/19 MP: 0/0
   324 | D:1      | Reached XP level 2. HP: 27/27 MP: 1/1
   848 | D:1      | Reached XP level 3. HP: 33/33 MP: 2/2
  1063 | D:2      | Noticed Sigmund
  1072 | D:2      | Killed Sigmund
  1072 | D:2      | Reached ** piety under Trog
  1073 | D:2      | Reached skill level 5 in Fighting
  1073 | D:2      | Reached skill level 5 in Axes
  1073 | D:2      | Reached XP level 4. HP: 42/42 MP: 3/3
  1073 | D:2      | Reached XP level 5. HP: 48/48 MP: 4/4
  1079 | D:2      | Found a faded altar of an unknown god.
  1380 | D:2      | Found an ornate altar of the Wu Jian Council.
  1731 | D:3      | Found a broken altar of Ashenzari.
  1798 | D:3      | Found Axeata's Antique Weapon Shop.
  2469 | D:3      | Reached skill level 1 in Polearms
  2806 | D:4      | Reached XP level 6. HP: 56/56 MP: 5/5
  2846 | D:4      | Reached *** piety under Trog
  3271 | D:5      | Entered Level 5 of the Dungeon
  3340 | D:5      | Upgraded the game from 0.30-a0-23-ge60ba3568b to
                  | 0.30-a0-29-g142975f185
  3515 | D:5      | Upgraded the game from 0.30-a0-29-g142975f185 to
                  | 0.30-a0-40-gc6d0f036a7
  3518 | D:5      | Reached skill level 1 in Stealth
  3521 | D:5      | HP: 4/84 [poisoned by an orc wizard]
  3522 | D:5      | HP: 1/84 [poisoned by an orc wizard]
  3523 | D:5      | Succumbed to an orc wizard's poison

Illustrated notes

Levels and vault maps discovered:
D:1:      minmay_arrival_shoal_huts, layout_loops_cross
D:2:      layout_rooms, basic_altar, basic_ecumenical_altar, uniq_sigmund
D:3:      layout_loops_ring, nicolae_ashenzari_panopticon, serial_shops,
          shop_statue
D:4:      layout_basic
D:5:      layout_basic, good_gods_temple_1, kennysheep_mini_moat

Skill      XL: |  1  2  3  4  5  6 |
---------------+-------------------+-----
Fighting       | 4 5 |  5.5
Axes           | 4 5 |  5.8
Armour         | 3 4 |  4.0
Dodging        | 3 |  3.3
Polearms       | 1 3 |  3.5
Stealth        | 1 |  1.1

Action                   |  1- 3 |  4- 6 || total
-------------------------+-------+-------++-------
Melee: Hand axe          |    69 |       ||    69
       Headbutt          |     9 |    12 ||    21
       Halberd           |       |   118 ||   118
Invok: Berserk           |       |     4 ||     4
Armor: Animal skin       |     9 |       ||     9
       Ring mail         |     6 |    27 ||    33
       Chain mail        |       |    41 ||    41
Dodge: Dodged            |    51 |    68 ||   119

Table legend: (Time is in decaauts)
 A = Elapsed time spent in this place.
 B = Non-inter-level travel time spent in this place.
 C = Inter-level travel time spent in this place.
 D = Time resting spent in this place.
 E = Time spent auto-exploring this place.
 F = Levels seen in this place.
 G = Mean time per level.
                   A        B        C        D        E       F      G
               +--------+--------+--------+--------+--------+-----+--------+
         Total |   3594 |   3431 |    163 |      0 |   2928 |   5 |  718.8 |
       Dungeon |   3594 |   3431 |    163 |      0 |   2928 |   5 |  718.8 |
               +--------+--------+--------+--------+--------+-----+--------+

Top non-repeatable levels by time:
     D:1: 1074 daAuts
     D:3: 811 daAuts
     D:4: 773 daAuts
     D:2: 671 daAuts
     D:5: 263 daAuts
